 Dungeon Crawl Stone Soup version 0.30-a0-622-gddc90eaa04 (webtiles) character file.

Game seed: 2414014112355073358

7597 mandoloar the Severer (level 10, -18/100 HPs)
             Began as a Minotaur Fighter on Jan 11, 2023.
             Killed from afar by Erica (20 damage)
             ... with a bolt of poison
             ... on level 8 of the Dungeon.
             The game lasted 00:30:19 (13707 turns).

mandoloar the Severer (Minotaur Fighter)           Turns: 13707, Time: 00:30:20

Health: -18/100    AC: 10    Str: 37    XL:     10   Next: 97%
Magic:  9/9        EV: 10    Int:  5    God:
Gold:   350        SH:  5    Dex: 10    Spells: 9/9 levels left

rFire   . . .      SeeInvis .    a - +4 battleaxe (freeze)
rCold   . . .      Faith    .    (shield currently unavailable)
rNeg    . . .      Spirit   .    o - +0 scale mail
rPois   .          Reflect  +    (helmet restricted)
rElec   .          Harm     .    G - +0 cloak {Stlth+}
rCorr   .          Rampage  .    y - +0 pair of gloves
Will    .....                    n - +0 pair of boots
Stlth   +                        p - amulet of reflection
HPRegen 0.36/turn                H - +6 ring of strength
MPRegen 0.11/turn                x - +6 ring of strength

@: lethally poisoned (-18 -> -32)
A: horns 2, retaliatory headbutt
a: no special abilities


You were on level 8 of the Dungeon.
You visited 2 branches of the dungeon, and saw 10 of its levels.

You collected 350 gold pieces.

Inventory:

Hand Weapons
 a - a +4 battleaxe of freezing (weapon)
 b - a +4 flail
 u - a +0 war axe
Missiles
 m - 36 stones (quivered)
Armour
 c - a +0 buckler
 n - a +0 pair of boots (worn)
 o - a +0 scale mail (worn)
 y - a +0 pair of gloves (worn)
 G - a +0 cloak of stealth (worn)
Jewellery
 k - a ring of protection from cold
 p - an amulet of reflection (around neck)
 x - a +6 ring of strength (right hand)
 D - a ring of ice
 H - a +6 ring of strength (left hand)
Wands
 q - a wand of polymorph (9)
 z - a wand of light (5)
 F - a wand of paralysis (8)
Scrolls
 h - 2 scrolls of fog {unknown}
 t - 3 scrolls of noise {unknown}
 w - a scroll of torment {unknown}
 C - 2 scrolls of poison {unknown}
 E - 2 scrolls of identify
Potions
 d - 4 potions of curing
 e - a potion of cancellation
 f - 3 potions of lignification
 g - 3 potions of heal wounds {unknown}
 i - 3 potions of ambrosia {unknown}
 j - 3 potions of mutation
 l - a potion of berserk rage {unknown}
 r - a potion of flight {unknown}
 s - 2 potions of brilliance {unknown}
 v - a potion of degeneration {unknown}
 B - a potion of haste {unknown}


   Skills:
 + Level 12.8 Fighting
 + Level 15.8 Axes
 - Level 3.6 Armour
 - Level 3.6 Shields


You had 9 spell levels left.
You didn't know any spells.
Your spell library contained the following spells:

 Spells                   Type           Power      Damage    Failure   Level
 Slow                     Hex            0%         N/A       67%         1
 Confusing Touch          Hex            0%         N/A       96%         3
 Vampiric Draining        Necr           0%         2d6       96%         3


Dungeon Overview and Level Annotations

Branches:
Dungeon (9/15)             Temple (1/1) D:4
   Lair: D:8-11         Orc: D:9-12

Altars:
Cheibriados
Dithmenos
Elyvilon
Fedhas
Gozag
Hepliaklqana
Kikubaaqudgha
Nemelex Xobeh
Qazlal
Ru
Sif Muna
Trog
Uskayaw
Wu Jian
Xom
Yredelemnul
Zin
The Shining One

Shops:
D:2 (*[:=

Annotations:
D:7 3 runed translucent doors, Sabo's ghost, novice AtBe
D:8 Erica


Innate Abilities, Weirdness & Mutations

You have a pair of horns on your head.
You reflexively headbutt those who attack you in melee.


Message History

Found a buckler.
The white imp shouts!
The white imp grins evilly.
Could not explore, unopened runed door.
Could not explore, unopened runed door.
(D) Dungeon (T) Temple
Where to? (Enter - D:7, ? - help)
There is a stone staircase leading down here.
You climb downwards.
There is a stone staircase leading up here.
Erica the Fiery-Tempered comes into view.
She is wielding a +3 scimitar of flaming.
Erica shouts!
Erica points at you and mumbles some strange words.
You are confused.
Erica mumbles some strange words.
Erica flickers and vanishes!
Deactivating autopickup; reactivate with Ctrl-A.
You hear some strange, mumbled words.
A lance of force appears from out of thin air!
The lance of force hits you!!
You feel less confused. Something hits you! Something burns you.
No target in view!
You slice something!! You freeze something! Something hits you!
Something burns you.
You can't see any enemies this would affect, really read the scroll of fear?
Uppercase [Y]es or [N]o only, please.
You can't see any enemies this would affect, really read the scroll of fear?
As you read the scroll of fear, it crumbles to dust.
You assume a fearsome visage.
Nothing appears to happen.
Something hits you! Something burns you.
You hear some strange, mumbled words.
A lance of force appears from out of thin air!
The lance of force hits you!!
* * * LOW HITPOINT WARNING * * *
You hear some strange, mumbled words.
A bolt of poison appears from out of thin air!
The bolt of poison hits you!!
You are lethally poisoned!
You die...

#..##.......#..#######
#....................
#.........##..######
##......####..#
##....## #..#
...###...## #..#
.......<## #..#
##......# ##..#
####...# #@..# ##...
#...# ##.. #...# #...
#.{.# #... #....#
#............
.....#.....
....#####..... ....
.....


There were no monsters in sight!

Vanquished Creatures
  A boulder beetle (D:9)
  A hornet (D:7)
  3 slime creatures (D:6)
  14 yaks
  2 wyverns
  Menkaure (D:6)
  A steam dragon (D:7)
  A water moccasin (D:7)
  4 black bears
  A sky beast (D:7)
  2 ice beasts (D:7)
  3 ogres
  2 centaurs
  2 phantoms (D:7)
  2 kobold brigands (D:6)
  Blork the orc (D:5)
  2 bullfrogs
  4 scorpions
  17 wights
  A howler monkey (D:6)
  2 vampire bats (D:3)
  10 jellies
  3 hounds
  Crazy Yiuf (D:6)
  A gnoll bouda (D:7)
  Ijyb (D:5)
  6 orc wizards
  An iguana (D:5)
  8 gnolls
  3 river rats (D:3)
  11 adders
  A white imp (D:8)
  An ufetubus (D:5)
  2 worms (D:4)
  4 dart slugs
  23 orcs
  10 ball pythons
  7 bats
  3 bat skeletons (D:3)
  4 bat zombies (D:3)
  11 endoplasms
  2 giant cockroaches
  7 goblins
  3 hobgoblins
  16 jackals
  10 kobolds
  A quokka (D:2)
  2 frilled lizards (D:1)
  8 rats
227 creatures vanquished.

Vanquished Creatures (others)
  59 fungi
  50 plants
  9 toadstools (D:6)
118 creatures vanquished.

Grand Total: 345 creatures vanquished

Notes
Turn   | Place    | Note
-------+----------+-------------------------------------------
     0 | D:1      | mandoloar the Minotaur Fighter began the quest for the Orb.
     0 | D:1      | Reached XP level 1. HP: 19/19 MP: 0/0
   218 | D:1      | Reached skill level 3 in Axes
   230 | D:1      | Reached XP level 2. HP: 27/27 MP: 1/1
   342 | D:1      | Reached skill level 4 in Axes
   353 | D:2      | Found Hugen's Antique Weapon Boutique.
   582 | D:1      | Reached XP level 3. HP: 31/33 MP: 2/2
   681 | D:2      | Found Osiocaugg's Book Emporium.
   760 | D:2      | Found Zoawnula's Jewellery Shop.
   941 | D:2      | Found Ahenil's Antique Armour Emporium.
   979 | D:2      | Found a shimmering altar of Xom.
   982 | D:2      | Found Zaps's General Store.
  1296 | D:3      | Reached skill level 5 in Axes
  1429 | D:3      | Reached XP level 4. HP: 40/40 MP: 3/3
  1588 | D:3      | Found a hide-covered altar of Uskayaw.
  1742 | D:3      | Found an ancient bone altar of Kikubaaqudgha.
  1745 | D:3      | Reached skill level 6 in Axes
  1746 | D:3      | Reached XP level 5. HP: 45/46 MP: 4/4
  1844 | D:3      | Reached skill level 7 in Axes
  2002 | D:3      | Found a shadowy altar of Dithmenos.
  2003 | D:3      | Found a hazy altar of Hepliaklqana.
  2004 | D:3      | Noticed a shadow
  2078 | D:4      | Noticed an ogre
  2086 | D:4      | Killed an ogre
  2087 | D:4      | Reached XP level 6. HP: 52/52 MP: 5/5
  2376 | D:4      | Reached skill level 8 in Axes
  2815 | D:4      | Found a staircase to the Ecumenical Temple.
  2859 | Temple   | Entered the Ecumenical Temple
  3115 | D:4      | Reached skill level 9 in Axes
  3236 | D:4      | Reached XP level 7. HP: 55/58 MP: 6/6
  4135 | D:5      | Entered Level 5 of the Dungeon
  4533 | D:5      | Reached skill level 10 in Axes
  4715 | D:5      | Noticed Ijyb
  4722 | D:5      | Killed Ijyb
  4980 | D:5      | Reached XP level 8. HP: 26/65 MP: 7/7
  5135 | D:5      | Reached skill level 5 in Fighting
  5135 | D:5      | Reached skill level 11 in Axes
  7222 | D:5      | Noticed Blork the orc
  7239 | D:5      | Killed Blork the orc
  7764 | D:6      | Noticed Menkaure
  7783 | D:6      | HP: 2/70 [Menkaure (5)]
  7785 | D:6      | Killed Menkaure
  8438 | D:6      | Reached skill level 12 in Axes
  8828 | D:6      | You fall into a shaft and drop 3 floors!
  8836 | D:9      | Reached XP level 9. HP: 80/81 MP: 8/8
  8959 | D:9      | Reached skill level 13 in Axes
  9211 | D:9      | Reached skill level 10 in Fighting
  9538 | D:9      | Noticed a boulder beetle
  9548 | D:9      | Killed a boulder beetle
  9549 | D:9      | Reached skill level 14 in Axes
  9549 | D:9      | Reached XP level 10. HP: 54/94 MP: 9/9
 10333 | D:8      | Reached skill level 15 in Axes
 11286 | D:7      | Found a runed translucent gate.
 11286 | D:7      | Found a runed translucent gate.
 11286 | D:7      | Found a runed translucent gate.
 11506 | D:6      | Found a runed translucent door.
 11507 | D:6      | Noticed Crazy Yiuf
 12660 | D:6      | Killed Crazy Yiuf
 13006 | D:7      | Noticed Sabo's ghost (novice AtBe)
 13697 | D:8      | Noticed Erica
 13706 | D:8      | HP: 1/100 [something/lance of force (30)]
 13707 | D:8      | Killed from afar by Erica

Illustrated notes

Levels and vault maps discovered:
D:1:      dpeg_cavernosity, layout_basic
D:2:      layout_rooms, basic_altar, serial_shops,
          nicolae_shop_overgrown_old_shop, shop, shop,
          nicolae_shop_behind_doors, shop_fountains
D:3:      layout_rooms, riverfiend_overflow_shadow_ancestor,
          kennysheep_vampire_church, nicolae_uskayaw_murder_on_the_dancefloor,
          portal_sewer_entry_e, solitary_fountain
D:4:      layout_gridville, temple_pool_b, grunt_decor_resistance,
          minmay_misc_feat_room, minivault_4, grunt_ministairs_4, uniq_pargi
D:5:      layout_loops_ring, chequers_serial_rivers_large_b, uniq_ijyb,
          uniq_blork_the_orc
D:6:      cheibrodos_fertilizer, layout_basic, uniq_menkaure,
          uniq_crazy_yiuf_cottage
D:7:      layout_basic, gammafunk_ghost_icy
D:8:      layout_layer_cave, grunt_temple_overflow_champion_of_chaos,
          due_lair_maze_entry_diamond, uniq_erica
D:9:      layout_basic, gammafunk_temple_overflow_pools, vehumet_altar_wand_db,
          library_closet, hangedman_decor_peaks_small
Temple:   nicolae_temple_bog_church

Skill      XL: |  1  2  3  4  5  6  7  8  9 10 |
---------------+-------------------------------+-----
Axes           | 3 4 5 6 7 9 10 12 14 15 | 15.8
Fighting       | 4 7 10 12 | 12.8
Armour         | |  3.6
Shields        | |  3.6

Action                   |  1- 3 |  4- 6 |  7- 9 | 10-12 || total
-------------------------+-------+-------+-------+-------++-------
Melee: War axe           |    91 |   118 |    95 |       ||   304
       Headbutt          |    16 |    12 |    30 |    17 ||    75
       Battleaxe         |       |       |    97 |   121 ||   218
       Flail             |       |       |    21 |       ||    21
       Punch             |       |       |     1 |       ||     1
Throw: Stone             |     1 |     6 |    13 |    17 ||    37
  Use: Scroll            |     4 |     3 |     3 |     1 ||    11
       Potion            |       |     1 |       |       ||     1
 Stab: Distracted        |       |       |     1 |       ||     1
Armor: Scale mail        |    64 |    48 |    51 |    26 ||   189
Dodge: Dodged            |    42 |    37 |    49 |    41 ||   169
Block: Buckler           |    13 |    50 |    33 |       ||    96
       Other             |       |       |    23 |    23 ||    46
       Reflection        |       |       |     1 |     8 ||     9

Table legend: (Time is in decaauts)
 A = Elapsed time spent in this place.
 B = Non-inter-level travel time spent in this place.
 C = Inter-level travel time spent in this place.
 D = Time resting spent in this place.
 E = Time spent auto-exploring this place.
 F = Levels seen in this place.
 G = Mean time per level.
                   A        B        C        D        E       F      G
               +--------+--------+--------+--------+--------+-----+--------+
         Total |  13813 |  13479 |    334 |   7255 |   4401 |  10 | 1381.3 |
       Dungeon |  13618 |  13290 |    328 |   7255 |   4222 |   9 | 1513.1 |
        Temple |    195 |    189 |      6 |      0 |    179 |   1 |  195.0 |
               +--------+--------+--------+--------+--------+-----+--------+

Top non-repeatable levels by time:
     D:4: 3623 daAuts
     D:6: 2747 daAuts
     D:5: 1948 daAuts
     D:7: 1525 daAuts
     D:8: 889 daAuts
     D:3: 793 daAuts
     D:9: 774 daAuts
     D:1: 675 daAuts
     D:2: 638 daAuts
  Temple: 195 daAuts
